| TOP OF THE 1ST |
|
Minnesota Twins batting - Pitching for Houston Astros : LHP Vince McSweeney
|
|
Pitching: LHP Vince McSweeney
|
|
|
Batting: RHB José Jiménez
|
0-0: Ball 1-0: Ball 2-0: Ball 3-0: Called Strike 3-1: Ground out 5-3 (Groundball, 15, EV 93.8 MPH)
|
|
Batting: LHB Raúl Fernández
|
0-0: Ball 1-0: Ground out 4-3 (Groundball, 34D, EV 80.6 MPH)
|
|
Batting: RHB Artie Cochran
|
0-0: Ball 1-0: Ball 2-0: Ball 3-0: SINGLE (Line Drive, 4M, EV 110.0 MPH)
|
|
Batting: RHB Gabriel Corporan
|
0-0: Ball 1-0: Swinging Strike 1-1: Called Strike 1-2: Foul Ball, location: 9LSF 1-2: Foul Ball, location: 9LDF 1-2: Foul Ball, location: 2F 1-2: Ball 2-2: SINGLE (Line Drive, 6MD, EV 105.6 MPH) Artie Cochran to second
|
|
Batting: LHB Andy Townsend
|
0-0: Foul Ball, location: 2F 0-1: Swinging Strike 0-2: Strikes out swinging
|
| Top of the 1st over - 0 runs, 2 hits, 0 errors, 2 left on base; Minnesota 0 - Houston 0 |
| BOTTOM OF THE 1ST |
|
Houston Astros batting - Pitching for Minnesota Twins : RHP Chris Ford
|
|
Pitching: RHP Chris Ford
|
|
|
Batting: RHB Lane Thomas
|
0-0: Ball 1-0: Ball 2-0: Ball 3-0: Called Strike 3-1: Foul Ball, location: 5DF 3-2: Base on Balls
|
|
Batting: LHB Devin Jones
|
0-0: Bunt missed! 0-1: Swinging Strike 0-2: Ball 1-2: Foul Ball, location: 5SF 1-2: Fly out, F8 (Flyball, 8LD, EV 105.0 MPH)
|
|
Batting: LHB Claude Spears
|
0-0: Ball 1-0: Called Strike 1-1: Called Strike 1-2: Strikes out swinging
|
|
Batting: RHB Starlin Castro
|
0-0: Ball 1-0: Ball 2-0: Ground out 4-3 (Groundball, 4, EV 84.4 MPH)
|
| Bottom of the 1st over - 0 runs, 0 hits, 0 errors, 1 left on base; Minnesota 0 - Houston 0 |
| TOP OF THE 2ND |
|
Minnesota Twins batting - Pitching for Houston Astros : LHP Vince McSweeney
|
|
Batting: SHB Francisco Mejia
|
0-0: Ball 1-0: Foul Ball, location: 2F 1-1: Ball 2-1: Foul Ball, location: 5FF 2-2: SINGLE (Groundball, 3D, EV 97.5 MPH)
|
|
Batting: SHB Stan Jordan
|
0-0: Ball 1-0: Fly out, F8 (Line Drive, 8LM, EV 92.5 MPH)
|
|
Batting: RHB Greg Watts
|
0-0: Ball 1-0: Swinging Strike 1-1: Fly out, F3 (Popup, 34S, EV 86.9 MPH)
|
|
Batting: LHB Sojuro Iwamoto
|
0-0: Called Strike 0-1: Foul Ball, location: 7LDF 0-2: Strikes out looking
|
| Top of the 2nd over - 0 runs, 1 hit, 0 errors, 1 left on base; Minnesota 0 - Houston 0 |
| BOTTOM OF THE 2ND |
|
Houston Astros batting - Pitching for Minnesota Twins : RHP Chris Ford
|
|
Batting: LHB Steve McGuire
|
0-0: Ball 1-0: Ball 2-0: Foul Ball, location: 2F 2-1: Foul Ball, location: 3F 2-2: Foul Ball, location: 9LSFF 2-2: Foul Ball, location: 2F 2-2: SINGLE (Groundball, 4MD, EV 101.9 MPH)
|
|
Batting: RHB Josh Burkett
|
0-0: Foul Ball, location: 5DF 0-1: Swinging Strike 0-2: Ball 1-2: Foul Ball, location: 5FF 1-2: Foul Ball, location: 2F 1-2: Grounds into double play, 5-4-3 (Groundball, 56, EV 91.3 MPH)
|
|
Batting: RHB Tyrone Ibarra
|
0-0: Called Strike 0-1: Ball 1-1: Ground out 6-3 (Groundball, 6, EV 88.8 MPH)
|
| Bottom of the 2nd over - 0 runs, 1 hit, 0 errors, 0 left on base; Minnesota 0 - Houston 0 |
| TOP OF THE 3RD |
|
Minnesota Twins batting - Pitching for Houston Astros : LHP Vince McSweeney
|
|
Batting: RHB José Jiménez
|
0-0: Ball 1-0: Foul Ball, location: 2F 1-1: Called Strike 1-2: Fly out, F8 (Line Drive, 8LM, EV 102.5 MPH)
|
|
Batting: LHB Raúl Fernández
|
0-0: Foul Ball, location: 5F 0-1: Ball 1-1: Ball 2-1: Ball 3-1: Called Strike 3-2: Foul Ball, location: 2F 3-2: Fly out, F8 (Line Drive, 8LS, EV 99.4 MPH)
|
|
Batting: RHB Artie Cochran
|
0-0: Ball 1-0: Ball 2-0: Fly out, F8 (Flyball, 8LM, EV 83.1 MPH)
|
| Top of the 3rd over - 0 runs, 0 hits, 0 errors, 0 left on base; Minnesota 0 - Houston 0 |
| BOTTOM OF THE 3RD |
|
Houston Astros batting - Pitching for Minnesota Twins : RHP Chris Ford
|
|
Batting: RHB Bernard Antonelli
|
0-0: Ball 1-0: Foul Ball, location: 3F 1-1: Ball 2-1: Ball 3-1: Called Strike 3-2: Base on Balls
|
|
Batting: RHB Ed van Zandvliet
|
0-0: Ball 1-0: Called Strike Bernard Antonelli steals 2nd, throwing error, E2 Bernard Antonelli to third 1-1: Ball 2-1: Ground out 4-3 (Groundball, 4M, EV 87.5 MPH)
|
|
Batting: RHB Lane Thomas
|
0-0: SINGLE (Line Drive, 89M, EV 101.3 MPH) Bernard Antonelli scores
|
|
Batting: LHB Devin Jones
|
0-0: Called Strike 0-1: Ball 1-1: 2-RUN HOME RUN (Flyball, 89XD, EV 111.9 MPH), Distance : 416 ft
|
|
Batting: LHB Claude Spears
|
0-0: Ball 1-0: Ball 2-0: Foul Ball, location: 7LDF 2-1: Ground out 4-3 (Groundball, 4, EV 78.8 MPH)
|
|
Batting: RHB Starlin Castro
|
0-0: Called Strike 0-1: Swinging Strike 0-2: Ball 1-2: Ball 2-2: Foul Ball, location: 2F 2-2: Strikes out swinging
|
| Bottom of the 3rd over - 3 runs, 2 hits, 1 error, 0 left on base; Minnesota 0 - Houston 3 |
| TOP OF THE 4TH |
|
Minnesota Twins batting - Pitching for Houston Astros : LHP Vince McSweeney
|
|
Batting: RHB Gabriel Corporan
|
0-0: Ball 1-0: Foul Ball, location: 3FF 1-1: SINGLE (Line Drive, 56D, EV 95.6 MPH)
|
|
Batting: LHB Andy Townsend
|
0-0: Grounds into double play, 4-6-3 (Groundball, 34, EV 88.1 MPH)
|
|
Batting: SHB Francisco Mejia
|
0-0: Foul Ball, location: 7LDF 0-1: Swinging Strike 0-2: Strikes out looking
|
| Top of the 4th over - 0 runs, 1 hit, 0 errors, 0 left on base; Minnesota 0 - Houston 3 |
| BOTTOM OF THE 4TH |
|
Houston Astros batting - Pitching for Minnesota Twins : RHP Chris Ford
|
|
Batting: LHB Steve McGuire
|
0-0: Called Strike 0-1: Fly out, F7 (Flyball, 7D, EV 105.0 MPH)
|
|
Batting: RHB Josh Burkett
|
0-0: Called Strike 0-1: Ball 1-1: Foul Ball, location: 2LF 1-2: Foul Ball, location: 2F 1-2: SINGLE (Line Drive, 9S, EV 106.3 MPH)
|
|
Batting: RHB Tyrone Ibarra
|
0-0: Called Strike 0-1: Called Strike 0-2: SINGLE (Line Drive, 7S, EV 99.4 MPH) Josh Burkett to second
|
|
Batting: RHB Bernard Antonelli
|
0-0: Ball Passed Ball! Josh Burkett to third Tyrone Ibarra to second 1-0: Ball 2-0: Foul Ball, location: 23FF 2-1: Ball 3-1: Foul Ball, location: 9LSF 3-2: SINGLE (Line Drive, 4M, EV 101.3 MPH) Josh Burkett scores Tyrone Ibarra to third
|
|
Batting: RHB Ed van Zandvliet
|
0-0: Foul Ball, location: 3DF 0-1: Ball 1-1: Ball 2-1: Foul Ball, location: 2F 2-2: Strikes out looking
|
|
Batting: RHB Lane Thomas
|
0-0: Called Strike 0-1: Ball 1-1: Foul Ball, location: 2F 1-2: Ground out 4-3 (Groundball, 34S, EV 86.3 MPH)
|
| Bottom of the 4th over - 1 run, 3 hits, 0 errors, 2 left on base; Minnesota 0 - Houston 4 |
| TOP OF THE 5TH |
|
Minnesota Twins batting - Pitching for Houston Astros : LHP Vince McSweeney
|
|
Batting: SHB Stan Jordan
|
0-0: Ball 1-0: Ball 2-0: Ground out 6-3 (Groundball, 56D, EV 95.6 MPH)
|
|
Batting: RHB Greg Watts
|
0-0: Ball 1-0: Called Strike 1-1: Ball 2-1: Called Strike 2-2: Foul Ball, location: 2F 2-2: Strikes out swinging
|
|
Batting: LHB Sojuro Iwamoto
|
0-0: Ball 1-0: Called Strike 1-1: SINGLE (Line Drive, 4MD, EV 96.3 MPH)
|
|
Batting: RHB José Jiménez
|
0-0: Foul Ball, location: 2F 0-1: Ball 1-1: Foul Ball, location: 2F 1-2: SINGLE (Line Drive, 34D, EV 94.4 MPH) Sojuro Iwamoto to second Runner from 2nd tries for 3rd, SAFE, throw by RF made to third
|
|
Batting: LHB Raúl Fernández
|
0-0: Ball 1-0: Ball 2-0: Called Strike 2-1: Ball 3-1: Ground out U3 (Groundball, 3, EV 84.4 MPH)
|
| Top of the 5th over - 0 runs, 2 hits, 0 errors, 2 left on base; Minnesota 0 - Houston 4 |
| BOTTOM OF THE 5TH |
|
Houston Astros batting - Pitching for Minnesota Twins : RHP Chris Ford
|
|
Pitching: RHP Bob McDonald
|
|
|
Batting: LHB Devin Jones
|
0-0: Called Strike 0-1: Ball 1-1: Ball 2-1: SOLO HOME RUN (Flyball, 9D, EV 100.0 MPH), Distance : 389 ft
|
|
Batting: LHB Claude Spears
|
0-0: Ball 1-0: Ball 2-0: Ball 3-0: Called Strike 3-1: Foul Ball, location: 25F 3-2: SINGLE (Line Drive, 34D, EV 98.8 MPH)
|
|
Batting: RHB Starlin Castro
|
0-0: Foul Ball, location: 3DF 0-1: TRIPLE (Line Drive, 89XD, EV 105.0 MPH) Claude Spears scores
|
|
Batting: LHB Steve McGuire
|
0-0: SINGLE (Line Drive, 8RS, EV 93.1 MPH) Starlin Castro scores
|
|
Batting: RHB Josh Burkett
|
0-0: Swinging Strike 0-1: Ball 1-1: Fly out, F4 (Popup, 4M, EV 65.0 MPH)
|
|
Batting: RHB Tyrone Ibarra
|
0-0: Ball 1-0: Ball 2-0: Foul Ball, location: 2F 2-1: Ball 3-1: Foul Ball, location: 2F 3-2: Reached on error, E6 (Groundball, 6S, EV 90.0 MPH) Steve McGuire to second
|
|
Batting: RHB Bernard Antonelli
|
0-0: Foul Ball, location: 2F 0-1: Ball 1-1: Grounds into double play, 5-4-3 (Groundball, 56, EV 103.1 MPH)
|
| Bottom of the 5th over - 3 runs, 4 hits, 1 error, 1 left on base; Minnesota 0 - Houston 7 |
| TOP OF THE 6TH |
|
Minnesota Twins batting - Pitching for Houston Astros : LHP Vince McSweeney
|
|
Batting: RHB Artie Cochran
|
0-0: Ball 1-0: Ground out 3-1 (Groundball, 34, EV 90.6 MPH)
|
|
Batting: RHB Gabriel Corporan
|
0-0: Fly out, F8 (Line Drive, 8RS, EV 98.8 MPH)
|
|
Batting: LHB Andy Townsend
|
0-0: Ground out 6-3 (Groundball, 6, EV 86.3 MPH)
|
| Top of the 6th over - 0 runs, 0 hits, 0 errors, 0 left on base; Minnesota 0 - Houston 7 |
| BOTTOM OF THE 6TH |
|
Houston Astros batting - Pitching for Minnesota Twins : RHP Bob McDonald
|
|
Batting: RHB Ed van Zandvliet
|
0-0: Ball 1-0: Ball 2-0: Ball 3-0: Called Strike 3-1: Base on Balls
|
|
Batting: RHB Lane Thomas
|
0-0: Ball 1-0: Called Strike 1-1: Called Strike Ed van Zandvliet steals 2nd base 1-2: Ground out 5-3 (Groundball, 56, EV 81.9 MPH)
|
|
Batting: LHB Devin Jones
|
0-0: Foul Ball, location: 7LDF 0-1: Ball 1-1: Fly out, F6 (Popup, 4MD, EV 56.3 MPH)
|
|
Batting: LHB Claude Spears
|
0-0: 2-RUN HOME RUN (Line Drive, 9D, EV 101.9 MPH), Distance : 382 ft
|
|
Pitching: RHP Anastasio López
|
|
|
Batting: RHB Starlin Castro
|
0-0: Ball 1-0: Ball 2-0: SINGLE (Groundball, 34D, EV 97.5 MPH)
|
|
Batting: LHB Steve McGuire
|
0-0: Ball 1-0: Swinging Strike 1-1: Swinging Strike 1-2: Ball 2-2: Ball 3-2: TRIPLE (Flyball, 7D, EV 93.8 MPH) Starlin Castro scores
|
|
Batting: RHB Josh Burkett
|
0-0: Fly out, F7 (Line Drive, 56D, EV 73.1 MPH)
|
| Bottom of the 6th over - 3 runs, 3 hits, 0 errors, 1 left on base; Minnesota 0 - Houston 10 |
| TOP OF THE 7TH |
|
Minnesota Twins batting - Pitching for Houston Astros : LHP Vince McSweeney
|
|
Batting: SHB Francisco Mejia
|
0-0: Ball 1-0: SINGLE (Groundball, 4MD, EV 97.5 MPH)
|
|
Batting: SHB Stan Jordan
|
0-0: Ball 1-0: Ball 2-0: Fly out, F8 (Flyball, 8RS, EV 83.8 MPH)
|
|
Batting: RHB Greg Watts
|
0-0: Foul Ball, location: 2F 0-1: Ball 1-1: Fly out, F9 (Flyball, 89D, EV 87.5 MPH)
|
|
Batting: LHB Sojuro Iwamoto
|
0-0: Called Strike Francisco Mejia steals 2nd base (no throw) 0-1: Ground out 1-3 (Groundball, 34S, EV 63.8 MPH)
|
| Top of the 7th over - 0 runs, 1 hit, 0 errors, 1 left on base; Minnesota 0 - Houston 10 |
| BOTTOM OF THE 7TH |
|
Houston Astros batting - Pitching for Minnesota Twins : RHP Anastasio López
|
|
Batting: RHB Tyrone Ibarra
|
0-0: Ball 1-0: Ball 2-0: Foul Ball, location: 9LMF 2-1: Swinging Strike 2-2: Ball 3-2: Base on Balls
|
|
Batting: RHB Bernard Antonelli
|
0-0: Foul Ball, location: 7LMF 0-1: Swinging Strike 0-2: Ball 1-2: Strikes out swinging
|
|
Batting: RHB Ed van Zandvliet
|
0-0: Ball 1-0: Fielders Choice at 2nd, 4-6 (Groundball, 4M, EV 93.1 MPH)
|
|
Batting: RHB Lane Thomas
|
0-0: Swinging Strike 0-1: Ball 1-1: Ball 2-1: Foul Ball, location: 2F 2-2: Fly out, F7 (Line Drive, 7, EV 104.4 MPH)
|
| Bottom of the 7th over - 0 runs, 0 hits, 0 errors, 1 left on base; Minnesota 0 - Houston 10 |
| TOP OF THE 8TH |
|
Minnesota Twins batting - Pitching for Houston Astros : LHP Vince McSweeney
|
|
Batting: RHB José Jiménez
|
0-0: Called Strike 0-1: Ball 1-1: Ground out 3-1 (Groundball, 34, EV 82.5 MPH)
|
|
Batting: LHB Raúl Fernández
|
0-0: Foul Ball, location: 2RF 0-1: Fly out, F8 (Flyball, 8LXD, EV 86.9 MPH)
|
|
Batting: RHB Artie Cochran
|
0-0: Called Strike 0-1: Fly out, F7 (Flyball, 7D, EV 100.6 MPH)
|
| Top of the 8th over - 0 runs, 0 hits, 0 errors, 0 left on base; Minnesota 0 - Houston 10 |
| BOTTOM OF THE 8TH |
|
Houston Astros batting - Pitching for Minnesota Twins : RHP Anastasio López
|
|
Pitching: RHP Julián López
|
|
|
Batting: LHB Devin Jones
|
0-0: Called Strike 0-1: Ground out 4-3 (Groundball, 4, EV 84.4 MPH)
|
|
Batting: LHB Claude Spears
|
0-0: Ball 1-0: Ground out 6-3 (Groundball, 6M, EV 82.5 MPH)
|
|
Batting: RHB Starlin Castro
|
0-0: Ball 1-0: Swinging Strike 1-1: Called Strike 1-2: Foul Ball, location: 9LSF 1-2: Ground out 4-3 (Groundball, 4, EV 104.4 MPH)
|
| Bottom of the 8th over - 0 runs, 0 hits, 0 errors, 0 left on base; Minnesota 0 - Houston 10 |
| TOP OF THE 9TH |
|
Minnesota Twins batting - Pitching for Houston Astros : LHP Vince McSweeney
|
|
Batting: RHB Gabriel Corporan
|
0-0: Called Strike 0-1: Ball 1-1: Foul Ball, location: 2F 1-2: Ball 2-2: Strikes out swinging
|
|
Batting: LHB Andy Townsend
|
0-0: Ball 1-0: Foul Ball, location: 2RF 1-1: Fly out, F5 (Popup, 5SF, EV 70.6 MPH)
|
|
Batting: SHB Francisco Mejia
|
0-0: Called Strike 0-1: Fly out, F9 (Flyball, 9D, EV 105.0 MPH)
|
| Top of the 9th over - 0 runs, 0 hits, 0 errors, 0 left on base; Minnesota 0 - Houston 10 |
|